 Dungeon Crawl Stone Soup version 0.27-a0-393-gba1aca71f1 (webtiles) character file.

Game seed: 3439305234785694684

2804 Ankhboy the Slinger (level 10, -1/66 HPs)
             Began as a Halfling Hunter on Feb 17, 2021.
             Was a Believer of Wu Jian.
             Slain by a komodo dragon (26 damage)
             ... on level 7 of the Dungeon on Feb 20, 2021.
             The game lasted 03:30:03 (9018 turns).

Ankhboy the Slinger (Halfling Hunter)               Turns: 9018, Time: 03:30:03

Health: -1/66      AC: 14    Str: 20    XL:     10   Next: 2%
Magic:  10/10      EV: 12    Int:  9    God:    Wu Jian [**....]
Gold:   441        SH:  0    Dex: 18    Spells: 8/9 levels left

rFire    + . .     SeeInvis .   j - +4 falchion (protect)
rCold    . . .     Faith    .   (shield restricted)
rNeg     . . .     Spirit   .   k - +4 chain mail
rPois    .         Reflect  .   (no helmet)
rElec    .         Harm     .   (no cloak)
rCorr    .         Rampage  .   f - +0 pair of gloves
Will     .....                  (no boots)
Stlth    ..........             (no amulet)
HPRegen  0.21/turn              l - +6 ring of strength
MPRegen  0.12/turn              x - ring of protection from fire

@: no status effects
A: small, mutation resistance 1
a: Renounce Religion, Wall Jump


You were on level 7 of the Dungeon.
You worshipped Wu Jian.
Wu Jian was pleased with you.
You visited 1 branch of the dungeon, and saw 8 of its levels.
You also visited: Sewer.

You collected 441 gold pieces.

Inventory:

Hand Weapons
 a - a +1 hand crossbow
 b - a +0 short sword
 e - a +0 arbalest
 j - a +4 falchion of protection (weapon)
 n - a +2 dagger of speed
 q - a +0 hunting sling
Missiles
 h - 214 stones
 i - 9 poisoned darts (quivered)
 o - 4 bolts
 r - 6 boomerangs
 s - 19 sling bullets
Armour
 c - a +0 leather armour
 f - a +0 pair of gloves (worn)
 k - a +4 chain mail (worn)
Jewellery
 l - a +6 ring of strength (left hand)
 x - a ring of protection from fire (right hand)
Wands
 w - a wand of mindburst (29)
 B - a wand of paralysis (12)
Scrolls
 g - a scroll of enchant weapon
 m - 4 scrolls of fog
 v - a scroll of blinking {unknown}
 y - 2 scrolls of amnesia
 z - 2 scrolls of enchant armour {unknown}
 C - a scroll of magic mapping {unknown}
Potions
 d - a potion of flight
 p - 2 potions of lignification
 t - a potion of might {unknown}
 u - 2 potions of magic
 A - 3 potions of brilliance {unknown}


   Skills:
 + Level 5.1 Fighting
 + Level 5.4(5.8) Short Blades
 + Level 2.4(3.8) Long Blades
 + Level 9.1(9.8) Slings
 + Level 6.6 Crossbows
 + Level 3.7(5.5) Throwing
 + Level 4.0 Armour
 + Level 3.9 Dodging
 + Level 2.7 Stealth
 + Level 0.1 Fire Magic
 + Level 1.3 Evocations


You had 8 spell levels left.
You knew the following spells:

 Your Spells              Type           Power        Failure   Level
a - Foxfire               Conj/Fire      0%           98%         1

Your spell library contained the following spells:

 Spells                   Type           Power        Failure   Level
 Conjure Flame            Conj/Fire      0%           100%        3
 Inner Flame              Hex/Fire       0%           100%        3
 Sticky Flame             Conj/Fire      0%           100%        4
 Fireball                 Conj/Fire      0%           100%        5


Dungeon Overview and Level Annotations

Branches:
Dungeon (8/15)             Temple (0/1) D:7            Lair (0/6) D:8
  Sewer (visited)

Altars:
Ashenzari
Hepliaklqana
Kikubaaqudgha
Makhleb
Sif Muna
Trog
Vehumet
Wu Jian
Yredelemnul

Shops:
D:7 [

Annotations:
D:4 1 runed translucent door, Crazy Yiuf, Grinder
D:8 2 transporters, Chiseanne's ghost, novice DsWn


Innate Abilities, Weirdness & Mutations

You are small and have problems with some larger weapons.
You are somewhat resistant to further mutation.


Message History

The komodo dragon misses you.
You riposte.
You hit the komodo dragon but do no damage.
Your weapon exudes an aura of protection.
The komodo dragon is moderately wounded.
Throw: 13 darts (poison)
Press: ? - help, Q - select action, (/) - cycle Shift-Dir - straight line, f/p - komodo dragon
Aim: a komodo dragon (moderately wounded, very poisoned, 71% to hit)
You throw a poisoned dart.
The poisoned dart hits the komodo dragon!
The komodo dragon looks as sick as possible!
The komodo dragon is moderately wounded.
The komodo dragon bites you!!
Aiming: Paralyse
Press: ? - help, Shift-Dir - straight line, f/p - komodo dragon
Aim: a komodo dragon (severely wounded, very poisoned, chance to affect: 32%)
Okay, then.
The komodo dragon hisses menacingly.
Throw: 12 darts (poison)
Press: ? - help, Q - select action, (/) - cycle Shift-Dir - straight line, f/p - komodo dragon
Aim: a komodo dragon (severely wounded, very poisoned, 72% to hit)
You throw a poisoned dart.
The poisoned dart closely misses the komodo dragon.
Throw: 11 darts (poison)
Press: ? - help, Q - select action, (/) - cycle Shift-Dir - straight line, f/p - komodo dragon
Aim: a komodo dragon (severely wounded, very poisoned, 72% to hit)
You throw a poisoned dart.
The poisoned dart hits the komodo dragon!
The komodo dragon looks as sick as possible!
The komodo dragon is severely wounded.
The komodo dragon bites you!
You see here a poisoned dart.
Throw: 10 darts (poison)
Press: ? - help, Q - select action, (/) - cycle Shift-Dir - straight line, f/p - komodo dragon
Aim: a komodo dragon (almost dead, very poisoned, 71% to hit)
You throw a poisoned dart.
The poisoned dart hits the komodo dragon.
The komodo dragon looks as sick as possible!
The komodo dragon is almost dead.
The komodo dragon bites you!!
You die...

...........#.........#########
...........#.........#
...........##.#<....##
.(.........##.#####.# #########
............#.......# #.......#
.......#....##.....####.#####.#
..............(.......#.# #.#
............##........#.# #.#
............##..@.......# #.#
#......(.########l....#######.#
#...###(>.....(...............#
##### ###########.....#########
#........# #.###.#..#
#.#...#..# #†#.###..#
#........#


You could see a komodo dragon (extremely poisoned).

Vanquished Creatures
  Sigmund (D:2)
  Menkaure (D:4)
  2 water moccasins (D:6)
  A sky beast (D:7)
  A black bear (D:6)
  2 ice beasts
  2 ogres (D:7)
  3 centaurs
  A phantom (D:5)
  A bullfrog (D:7)
  A gnoll sergeant (D:8)
  2 scorpions
  4 killer bees (D:7)
  2 howler monkeys
  4 hounds
  2 jellies (D:7)
  A gnoll shaman (D:6)
  3 orc priests (D:3)
  A bullfrog skeleton (D:8)
  Terence (D:2)
  2 orc wizards
  Natasha (D:2)
  6 worker ants
  A hound skeleton (D:7)
  A howler monkey zombie (D:5)
  A worker ant zombie (D:3)
  9 adders
  11 gnolls
  A shadow imp (D:8)
  3 white imps
  An ufetubus (D:8)
  An ooze (D:1)
  An adder skeleton (D:7)
  2 worms
  A dart slug (D:1)
  5 leopard geckos
  20 orcs
  6 bats
  8 giant cockroaches
  7 goblins
  3 hobgoblins
  16 jackals
  2 quokkas
  6 ball pythons
  7 frilled lizards
  A jackal skeleton (D:7)
  A jackal zombie (D:7)
  15 kobolds
  A quokka skeleton (D:4)
  2 quokka zombies (D:5)
  12 rats
190 creatures vanquished.

Vanquished Creatures (others)
  13 plants
13 creatures vanquished.

Grand Total: 203 creatures vanquished

Notes
Turn   | Place    | Note
-------+----------+-------------------------------------------
     0 | D:1      | Ankhboy the Halfling Hunter began the quest for the Orb.
     0 | D:1      | Reached XP level 1. HP: 14/14 MP: 1/1
   191 | D:1      | Reached XP level 2. HP: 19/19 MP: 2/2
   236 | D:1      | Reached skill level 1 in Short Blades
   360 | D:1      | Reached skill level 5 in Crossbows
   360 | D:1      | Reached XP level 3. HP: 23/24 MP: 3/3
   638 | D:2      | Noticed Terence
   719 | D:2      | Found an ornate altar of the Wu Jian Council.
   721 | D:2      | Found an ancient bone altar of Kikubaaqudgha.
   768 | D:2      | Reached XP level 4. HP: 24/29 MP: 4/4
   979 | D:2      | Killed Terence
   984 | D:2      | Noticed Natasha
   986 | D:2      | Noticed Sigmund
  1038 | D:3      | Reached XP level 5. HP: 24/34 MP: 5/5
  1044 | D:3      | Reached skill level 1 in Throwing
  1044 | D:3      | Reached skill level 1 in Armour
  1440 | D:2      | Upgraded the game from 0.27-a0-379-g34d631faf5 to
                  | 0.27-a0-385-g3208abaabc
  1644 | D:3      | Reached XP level 6. HP: 39/39 MP: 6/6
  2753 | D:3      | Found a shimmering blue altar of Sif Muna.
  2788 | D:2      | Became a worshipper of the Wu Jian Council
  2944 | D:4      | Found a glowing drain.
  2970 | Sewer    | Entered a sewer
  3185 | Sewer    | Reached * piety under Wu Jian
  3225 | Sewer    | Reached XP level 7. HP: 45/45 MP: 7/7
  3719 | D:4      | Noticed Menkaure
  3979 | D:4      | Noticed Grinder
  4048 | D:4      | Found a runed translucent door.
  4049 | D:4      | Noticed Crazy Yiuf
  4247 | D:5      | Entered Level 5 of the Dungeon
  4402 | D:5      | Found a hazy altar of Hepliaklqana.
  4885 | D:6      | Found a broken altar of Ashenzari.
  4888 | D:6      | Found a basalt altar of Yredelemnul.
  4891 | D:6      | Found a radiant altar of Vehumet.
  5301 | D:6      | Found a burning altar of Makhleb.
  5354 | D:6      | Noticed a water moccasin
  5422 | D:6      | Reached skill level 1 in Slings
  5473 | D:6      | Noticed a water moccasin
  5555 | D:6      | Reached skill level 2 in Slings
  5555 | D:6      | Reached XP level 8. HP: 50/52 MP: 8/8
  5819 | D:7      | Found Vobouxuhi's Armour Boutique.
  5819 | D:7      | Found a bloodstained altar of Trog.
  6010 | D:7      | Reached skill level 3 in Slings
  6079 | D:7      | Found a staircase to the Ecumenical Temple.
  6136 | D:7      | Learned a level 1 spell: Foxfire
  6562 | D:2      | Killed Sigmund
  6563 | D:2      | Reached skill level 4 in Slings
  6568 | D:2      | Killed Natasha
  6742 | D:4      | Killed Menkaure
  6743 | D:4      | Reached skill level 5 in Short Blades
  6743 | D:4      | Reached skill level 5 in Slings
  7263 | D:6      | Reached skill level 6 in Slings
  7352 | D:6      | Reached XP level 9. HP: 23/58 MP: 9/9
  7427 | D:6      | Reached skill level 1 in Evocations
  7855 | D:7      | Reached skill level 7 in Slings
  8033 | D:8      | Reached ** piety under Wu Jian
  8163 | D:8      | Noticed a hornet
  8205 | D:8      | Upgraded the game from 0.27-a0-385-g3208abaabc to
                  | 0.27-a0-393-gba1aca71f1
  8218 | D:8      | Found a transporter.
  8223 | D:8      | Noticed a manticore
  8240 | D:8      | Reached skill level 8 in Slings
  8264 | D:8      | Noticed Chiseanne's ghost (novice DsWn)
  8332 | D:8      | Found a staircase to the Lair.
  8333 | D:8      | Noticed a komodo dragon
  8350 | D:8      | Noticed a two-headed ogre
  8360 | D:8      | Found a transporter.
  8438 | D:7      | Reached skill level 1 in Long Blades
  8823 | D:6      | Reached skill level 5 in Fighting
  8874 | D:5      | Reached skill level 9 in Slings
  8884 | D:5      | Reached XP level 10. HP: 66/66 MP: 10/10
  9018 | D:7      | Slain by a komodo dragon

Illustrated notes

Levels and vault maps discovered:
D:1:      ebering_hopf_link, layout_loops_ring
D:2:      layout_rooms, nicolae_overflow_hidden_temple, uniq_terence,
          uniq_natasha, uniq_sigmund
D:3:      layout_loops_cross, lemuel_crystal_altar, minivault_25
D:4:      layout_basic, gup_sewer_entry_pipe, uniq_grinder,
          uniq_crazy_yiuf_cottage, uniq_menkaure
D:5:      layout_basic, lemuel_crystal_altar
D:6:      layout_basic, lightli_temple_of_fire, grunt_temple_overflow_diamond
D:7:      layout_basic, nicolae_overflow_crystal_walls,
          minmay_temple_entry_nine_rooms, serial_shops, nicolae_shop_statue_plus
D:8:      layout_cave_pools, david_lair_shrubbed, gammafunk_ghost_arena,
          minmay_crossroads

Skill      XL: |  1  2  3  4  5  6  7  8  9 |
---------------+----------------------------+-----
Short Blades   | 1 2 3 4 5 |  5.4
Crossbows      | 5 6 |  6.6
Fighting       | 2 3 4 5 |  5.1
Throwing       | 1 2 3 |  3.7
Armour         | 1 2 3 4 |  4.0
Stealth        | 2 |  2.7
Dodging        | 3 |  3.9
Slings         | 2 6 9 |  9.1
Evocations     | 1 |  1.3
Long Blades    | 2 |  2.4
Fire Magic     | |  0.1

Action                   |  1- 3 |  4- 6 |  7- 9 | 10-12 || total
-------------------------+-------+-------+-------+-------++-------
Melee: Short sword       |    43 |       |       |       ||    43
       Dagger            |       |   305 |   479 |       ||   784
       Falchion          |       |       |    58 |       ||    58
 Fire: Hand crossbow     |    34 |    56 |    21 |       ||   111
       Hunting sling     |       |       |   211 |       ||   211
       Arbalest          |       |       |     7 |       ||     7
Throw: Dart              |    10 |    22 |    45 |    11 ||    88
       Stone             |       |    17 |    21 |       ||    38
       Boomerang         |       |       |     5 |       ||     5
Invok: Lunge             |       |     4 |     7 |       ||    11
       Whirlwind         |       |       |    33 |       ||    33
Evoke: Wand              |       |       |    11 |       ||    11
  Use: Potion            |       |     5 |    11 |       ||    16
       Scroll            |       |     3 |    15 |       ||    18
 Stab: Sleeping          |     2 |     1 |     2 |       ||     5
Armor: Leather armour    |    12 |    28 |    14 |       ||    54
       Chain mail        |       |       |   123 |     2 ||   125
       Skin              |       |       |    15 |       ||    15
Dodge: Dodged            |    35 |   115 |   227 |     2 ||   379
       Rpst.: Falchion   |       |       |    17 |     2 ||    19

Table legend: (Time is in decaauts)
 A = Elapsed time spent in this place.
 B = Non-inter-level travel time spent in this place.
 C = Inter-level travel time spent in this place.
 D = Time resting spent in this place.
 E = Time spent auto-exploring this place.
 F = Levels seen in this place.
 G = Mean time per level.
                   A        B        C        D        E       F      G
               +--------+--------+--------+--------+--------+-----+--------+
         Total |   8732 |   8648 |     84 |      0 |      0 |   9 |  970.2 |
       Dungeon |   8072 |   7988 |     84 |      0 |      0 |   8 | 1009.0 |
         Sewer |    660 |    660 |      0 |      0 |      0 |   1 |  660.0 |
               +--------+--------+--------+--------+--------+-----+--------+

Top non-repeatable levels by time:
     D:6: 1635 daAuts
     D:3: 1618 daAuts
     D:7: 1067 daAuts
     D:4: 1032 daAuts
     D:5: 941 daAuts
     D:2: 710 daAuts
     D:1: 703 daAuts
   Sewer: 660 daAuts
     D:8: 363 daAuts
